 Dungeon Crawl Stone Soup version 0.20.1-1-g8b1a95d (webtiles) character file.

209 tmwrnj the Chopper (level 5, -2/47 HPs)
             Began as a Hill Orc Fighter on Dec 28, 2017.
             Was an Initiate of Beogh.
             Killed by nerve-wracking pain
             ... invoked by Menkaure
              (6 damage)
             ... on level 5 of the Dungeon.
             The game lasted 00:05:47 (3114 turns).

tmwrnj the Chopper (Hill Orc Fighter)               Turns: 3114, Time: 00:05:47

Health: -2/47      AC:  9    Str: 19    XL:     5   Next: 87%
Magic:  5/5        EV:  5    Int:  8    God:    Beogh [......]
Gold:   302        SH:  9    Dex: 11    Spells: 4/4 levels left

rFire    . . .     SeeInvis .   a - +0 war axe
rCold    . . .     Gourm    .   c - +0 shield
rNeg     . . .     Faith    .   n - +0 chain mail
rPois    .         Spirit   .   (no helmet)
rElec    .         Reflect  .   (no cloak)
rCorr    .         Harm     .   (no gloves)
MR       .....                  (no boots)
Stlth    ..........             (no amulet)
Regen    0.2/turn               (no ring)
MPRegen  0.1/turn               (no ring)

@: no status effects
A: no striking features
a: Renounce Religion


You were on level 5 of the Dungeon.
You worshipped Beogh.
Beogh was noncommittal.
You were not hungry.

You visited 1 branch of the dungeon, and saw 5 of its levels.

You collected 302 gold pieces.

Inventory:

Hand Weapons
 a - a +0 war axe (weapon)
Armour
 c - a +0 shield (worn)
 n - a +0 chain mail (worn)
Jewellery
 r - a cursed -6 ring of intelligence {unknown}
Scrolls
 b - a scroll of recharging {unknown}
 e - a scroll of blinking {unknown}
 k - a scroll of amnesia {unknown}
 o - 2 scrolls of identify {unknown}
 p - a scroll of remove curse {unknown}
 q - a scroll of magic mapping {unknown}
 s - a scroll of fog {unknown}
Potions
 d - 2 potions of might
 h - a potion of mutation {unknown}
 i - a potion of cancellation {unknown}
 j - a potion of heal wounds {unknown}
 m - 3 potions of curing {unknown}
 t - a potion of agility {unknown}
Comestibles
 f - 2 bread rations
 g - 2 royal jellies
 l - 2 meat rations
 u - a chunk of flesh


   Skills:
 + Level 4.8 Fighting
 + Level 5.3 Axes
 + Level 3.8 Armour
 + Level 0.1 Dodging
 + Level 0.3 Stealth
 + Level 4.3 Shields


You had 4 spell levels left.
You didn't know any spells.

Dungeon Overview and Level Annotations

Branches:
Dungeon (5/15)
 Temple: D:4-7

Altars:
Ashenzari

Annotations:
D:4 Sigmund
D:5 DasRunzen's ghost, novice DsFi; Menkaure


Message History

Menkaure gestures wildly while chanting.
Menkaure seems to speed up.
The shadow imp shouts, "Give up, thou dissembling beef-witted pissant!"
Menkaure gestures at you while chanting.
You barely resist.
Menkaure calls on the powers of darkness!
The black bear convulses!
Your body is wracked with pain!
* * * LOW HITPOINT WARNING * * *
DasRunzen's ghost shouts, "You will never get the ORB!"
Menkaure calls on the powers of darkness!
The black bear convulses!
Your body is wracked with pain!
* * * LOW HITPOINT WARNING * * *
Menkaure's bandages flutter.
Menkaure calls on the powers of darkness!
The black bear convulses!
Your body is wracked with pain!
* * * LOW HITPOINT WARNING * * *
Found a scroll labeled XIKIWI KOAGACE.
Menkaure casts a spell at you. Pain shoots through your body!
You die...

#### ...
#######.##
...?....+
#....# #..@.#
####.# .# #M#
.# #W#####.#
#.......#
#.h.....#
#.......##
......##.....#
......##.....#


You could see a black bear, Menkaure and DasRunzen's ghost.

Vanquished Creatures
  An orc wizard (D:2)
  A worker ant (D:4)
  4 adders
  An adder skeleton (D:4)
  4 worms
  5 dart slugs
  3 leopard geckos (D:3)
  3 orcs (D:2)
  2 ball pythons
  5 giant cockroaches
  10 hobgoblins
  9 jackals
  A quokka (D:2)
  8 bats
  6 frilled lizards
  7 goblins
  8 kobolds
  13 rats
91 creatures vanquished.

Vanquished Creatures (others)
  2 orcs (D:3)
2 creatures vanquished.

Grand Total: 93 creatures vanquished

Notes
Turn   | Place    | Note
-------+----------+-------------------------------------------
     0 | D:1      | tmwrnj the Hill Orc Fighter began the quest for the Orb.
     0 | D:1      | Reached XP level 1. HP: 19/19 MP: 1/1
   190 | D:1      | Reached XP level 2. HP: 27/27 MP: 2/2
   273 | D:1      | Reached skill level 3 in Axes
   471 | D:1      | Reached XP level 3. HP: 33/33 MP: 3/3
   896 | D:2      | Reached XP level 4. HP: 32/41 MP: 4/4
  1366 | D:2      | Reached skill level 4 in Axes
  1874 | D:2      | Reached XP level 5. HP: 18/47 MP: 5/5
  2195 | D:3      | Reached skill level 5 in Axes
  2217 | D:3      | Found a shattered altar of Ashenzari.
  2469 | D:3      | Became a worshipper of Beogh the Brigand
  2985 | D:4      | Noticed Sigmund
  3000 | D:5      | Entered Level 5 of the Dungeon
  3076 | D:5      | Noticed DasRunzen's ghost (novice DsFi)
  3082 | D:5      | Noticed Menkaure
  3082 | D:5      | Noticed a black bear
  3114 | D:5      | Killed from afar by Menkaure

Skill      XL: |  1  2  3  4  5 |
---------------+----------------+-----
Fighting       | 4 |  4.8
Axes           | 3 4 5 |  5.3
Shields        | 4 |  4.3
Armour         | |  3.8
Dodging        | |  0.1
Stealth        | |  0.3

Action                   |  1- 3 |  4- 6 || total
-------------------------+-------+-------++-------
Melee: War axe           |   124 |   197 ||   321
Invok: Convert to Beogh  |       |     1 ||     1
 Stab: Distracted        |     1 |       ||     1
  Eat: Chunk             |       |     8 ||     8
Armor: Scale mail        |    63 |     1 ||    64
       Chain mail        |       |    98 ||    98
Dodge: Dodged            |    32 |    51 ||    83
Block: Shield            |    67 |   111 ||   178
